 Dungeon Crawl Stone Soup version 0.25.1-2-g60ff931df9 (webtiles) character file.

Game seed: 4837652466540113568

3424 gruber the Destroyer (level 9, 0/45 HPs)
             Began as a Deep Elf Ice Elementalist on Nov 28, 2020.
             Was a Follower of Vehumet.
             Slain by a centaur (4 damage)
             ... on level 7 of the Dungeon.
             The game lasted 00:10:45 (9002 turns).

gruber the Destroyer (Deep Elf Ice Elementalist)    Turns: 9002, Time: 00:10:46

Health: 0/45       AC:  3    Str:  5    XL:     9   Next: 76%
Magic:  16/19      EV: 13    Int: 24    God:    Vehumet [*.....]
Gold:   295        SH:  0    Dex: 15    Spells: 7/19 levels left

rFire    x . .     SeeInvis .   e - +3 hunting sling (flame)
rCold    + . .     Gourm    .   (no shield)
rNeg     . . .     Faith    .   a - +0 robe
rPois    .         Spirit   .   s - +1 hat
rElec    .         Reflect  .   (no cloak)
rCorr    .         Harm     .   (no gloves)
MR       .....                  (no boots)
Stlth    ++........             (no amulet)
HPRegen  0.15/turn              (no ring)
MPRegen  0.16/turn              o - ring of ice

@: frozen ramparts, studying Unarmed Combat
A: no striking features
a: Renounce Religion


You were on level 7 of the Dungeon.
You worshipped Vehumet.
Vehumet was aware of your devotion.
You were not hungry.

You visited 2 branches of the dungeon, and saw 8 of its levels.

You collected 295 gold pieces.

Inventory:

Hand Weapons
 e - a +3 hunting sling of flaming (weapon)
 p - a +2 dagger of venom
 F - a +2 spear of flaming
Missiles
 n - 64 stones (quivered)
 y - 38 sling bullets
Armour
 a - a +0 robe (worn)
 s - a +1 hat (worn)
Jewellery
 o - a ring of ice (right hand)
 x - an uncursed amulet of regeneration {unknown}
 z - a cursed ring of attention {unknown}
Wands
 m - a wand of enslavement (8)
 v - a wand of random effects (19)
 D - a wand of polymorph (8)
Scrolls
 b - 2 scrolls of immolation
 d - a scroll of enchant weapon
 f - a scroll of blinking
 j - a scroll of identify
 k - a scroll of remove curse
 A - a scroll of summoning {unknown}
 E - a scroll of magic mapping
Potions
 g - 2 potions of heal wounds
 h - 5 potions of curing
 i - 2 potions of magic {unknown}
 l - a potion of mutation
 q - a potion of might
 r - a potion of degeneration {unknown}
 u - a potion of flight
 w - 2 potions of lignification {unknown}
Books
 C - a manual of Unarmed Combat
Comestibles
 c - 9 rations


   Skills:
 - Level 2.4 Dodging
 - Level 2.4 Stealth
 * Level 5.5 Spellcasting
 - Level 12.0 Conjurations
 - Level 5.4 Summonings
 - Level 7.3 Ice Magic


You had 7 spell levels left.
You knew the following spells:

 Your Spells              Type           Power        Failure   Level  Hunger
a - Freeze                Ice            ####         1%          1    None
b - Frozen Ramparts       Ice            ######       1%          3    #......
c - Hailstorm             Conj/Ice       ######..     1%          4    ###....
d - Summon Ice Beast      Ice/Summ       ######..     6%          4    ###....

Your spell library contained the following spells:

 Spells                   Type           Power        Failure   Level  Hunger
 Sandblast                Erth           #.....       9%          1    None
 Ozocubu's Armour         Chrm/Ice       #####...     5%          3    #......


Dungeon Overview and Level Annotations

Branches:
Dungeon (7/15)             Temple (1/1) D:6

Altars:
Fedhas
Gozag
Makhleb
Ru
Trog
Vehumet
Xom
Yredelemnul

Shops:
D:6 ?


Message History

Casting: Summon Ice Beast (dangerous; 6% risk of failure)
Confirm with . or Enter, or press ? or * to list all spells.
You feel a surge of power!
The walls around you are covered in ice.
The centaur shouts!
The wall freezes the centaur.
The centaur wields a +0 shortbow.
The centaur shoots an arrow.
The arrow hits you!
Unknown command.
Firing (i - inventory. (/) - cycle)
n - 65 stones (quivered)
Press: ? - help, Shift-Dir - straight line, f - centaur
Aim: a centaur, wielding a +0 shortbow and quivering 20 arrows (lightly wounded)
You shoot a stone. The stone hits the centaur.
The stone burns the centaur.
The centaur is moderately wounded.
The wall freezes the centaur.
The centaur shoots an arrow.
The arrow hits you!
* * * LOW HITPOINT WARNING * * *
The wall freezes the centaur.
The centaur shoots an arrow.
The arrow hits you!
* * * LOW HITPOINT WARNING * * *
The wall freezes the centaur.
The centaur unwields a +0 shortbow.
The centaur hits you.
You die...

##.#.##.## #.# #........#
... #.......)# ...#
#.#...##.########
...######.#...##.#.......
(......).).....).#.......
......<#..#.##.#.#.......
.....()...#.##.#.c).)((((
....)..#.##....#@#(.)...c
......>..##.#..#(#.....((
..(...##.........#.......
.(....#######.#########.#
..(...# #.# # ...####
####.###### ....#
#........... ....#
#.##.##..###
#.#.######.##.# .#


You could see a centaur.

Vanquished Creatures
  A yak (D:7)
  Duvessa (D:7)
  A sky beast (D:6)
  4 necrophages (D:6)
  An orc warrior (D:6)
  2 slaves (D:5)
  2 centaurs
  4 bullfrogs
  Blork the orc (D:4)
  2 scorpions
  A howler monkey (D:7)
  3 electric eels (D:6)
  A crimson imp (D:6)
  A bullfrog zombie (D:6)
  A centaur zombie (D:6)
  A bullfrog skeleton (D:7)
  3 hounds
  A jelly (D:6)
  2 orc priests (D:7)
  A gnoll shaman (D:7)
  3 orc wizards
  Terence (D:3)
  Natasha (thrice) (D:3)
  7 worker ants
  A hound zombie (D:7)
  A howler monkey zombie (D:7)
  5 gnolls
  A howler monkey skeleton (D:7)
  5 adders
  An adder skeleton (D:6)
  An adder zombie (D:5)
  3 worms
  3 dart slugs
  7 leopard geckos
  20 orcs
  2 ball pythons
  9 bats
  8 giant cockroaches
  8 goblins
  5 hobgoblins
  3 jackals (D:2)
  2 quokkas
  4 frilled lizards
  A jackal skeleton (D:5)
  2 kobolds
  A leopard gecko skeleton (D:4)
  A quokka skeleton (D:5)
  A rat (D:1)
  A bush (D:6)
  10 plants (D:6)
154 creatures vanquished.

Vanquished Creatures (collateral kills)
  Pikel (D:5)
  Grinder (D:3)
  Sigmund (D:5)
  2 yaks (D:7)
  An orc warrior (D:7)
  An ice beast (D:7)
  A phantom (D:7)
  A sky beast (D:6)
  Dowan (D:7)
  A gnoll (D:7)
  An orc (D:7)
12 creatures vanquished.

Vanquished Creatures (others)
  A hound skeleton (D:5)
  2 gnolls (D:5)
3 creatures vanquished.

Grand Total: 169 creatures vanquished

Notes
Turn   | Place    | Note
-------+----------+-------------------------------------------
     0 | D:1      | gruber the Deep Elf Ice Elementalist began the quest for
                  | the Orb.
     0 | D:1      | Reached XP level 1. HP: 10/10 MP: 6/6
   304 | D:1      | Reached XP level 2. HP: 13/15 MP: 4/8
   418 | D:1      | Reached skill level 5 in Ice Magic
  1115 | D:2      | Reached XP level 3. HP: 12/19 MP: 6/10
  1124 | D:2      | Learned a level 3 spell: Frozen Ramparts
  1990 | D:2      | Reached XP level 4. HP: 24/24 MP: 12/12
  2714 | D:3      | Noticed Grinder
  3094 | D:4      | Noticed Blork the orc
  3097 | D:4      | Killed Blork the orc
  3097 | D:4      | Reached skill level 5 in Spellcasting
  3097 | D:4      | Reached XP level 5. HP: 28/28 MP: 8/15
  3543 | D:3      | Learned a level 4 spell: Hailstorm
  3548 | D:3      | Learned a level 4 spell: Summon Ice Beast
  3587 | D:3      | Killed Grinder
  3587 | D:3      | Reached XP level 6. HP: 32/32 MP: 6/16
  3865 | D:3      | Noticed Natasha
  3869 | D:3      | Killed Natasha
  3869 | D:3      | Reached skill level 1 in Summonings
  4117 | D:3      | Noticed Natasha
  4125 | D:3      | Killed Natasha
  4242 | D:3      | Noticed Natasha
  4249 | D:3      | Killed Natasha
  4422 | D:3      | Noticed Terence
  4427 | D:3      | Killed Terence
  4631 | D:5      | Entered Level 5 of the Dungeon
  4631 | D:5      | Noticed a slave
  4632 | D:5      | Noticed a slave
  4632 | D:5      | Noticed Sigmund
  4633 | D:5      | Noticed a slave
  4635 | D:5      | Noticed a slave
  4638 | D:5      | Noticed Pikel
  4642 | D:5      | Killed a slave
  4647 | D:5      | Killed a slave
  4648 | D:5      | Killed Pikel
  4648 | D:5      | Reached skill level 1 in Conjurations
  4648 | D:5      | Reached skill level 5 in Summonings
  4648 | D:5      | Reached XP level 7. HP: 24/36 MP: 6/17
  4697 | D:5      | Killed Sigmund
  4697 | D:5      | Reached skill level 3 in Conjurations
  5135 | D:5      | Reached skill level 4 in Conjurations
  5267 | D:6      | Reached XP level 8. HP: 41/41 MP: 14/18
  5361 | D:6      | Found Nonlonku's Magic Scroll Shop.
  5391 | D:6      | Reached skill level 5 in Conjurations
  5765 | D:6      | Found an opulent altar of Gozag.
  5770 | D:6      | Found a staircase to the Ecumenical Temple.
  5777 | D:6      | Reached skill level 6 in Conjurations
  6111 | D:6      | Reached skill level 7 in Conjurations
  6416 | Temple   | Entered the Ecumenical Temple
  6431 | Temple   | Became a worshipper of Vehumet
  6494 | D:6      | Reached skill level 8 in Conjurations
  6547 | D:6      | Found a blossoming altar of Fedhas.
  7199 | D:6      | Reached skill level 9 in Conjurations
  7199 | D:6      | Reached XP level 9. HP: 45/45 MP: 0/19
  7391 | D:7      | Reached skill level 10 in Conjurations
  7934 | D:7      | Reached * piety under Vehumet
  7934 | D:7      | Offered knowledge of Sandblast by Vehumet.
  7979 | D:7      | Noticed Dowan
  7989 | D:7      | Killed Dowan
  8045 | D:7      | Noticed Duvessa
  8229 | D:7      | Killed Duvessa
  8344 | D:7      | Reached skill level 11 in Conjurations
  8913 | D:7      | Reached skill level 12 in Conjurations
  9002 | D:7      | Slain by a centaur

Illustrated notes

Levels and vault maps discovered:
D:1:      heliophobic_arrival_enchanted_forest, layout_rooms
D:2:      layout_basic, first_ration, chequers_garden
D:3:      layout_loops_corners, uniq_natasha, uniq_grinder, uniq_terence
D:4:      layout_loops_ring, uniq_blork_the_orc
D:5:      minmay_diamond_boxcup, layout_rooms, minmay_misc_feat_doors,
          uniq_pikel, uniq_sigmund
D:6:      layout_rooms, kennysheep_mini_moat,
          minmay_temple_entry_drinking_statues, serial_shops, shop_fountains,
          skrybe_limestone_x, serial_bayou_lagoon_a, fedhas_altar_decomposition
D:7:      layout_loops_cross, grunt_ogre_cave, minmay_manual_mess, uniq_duvessa
Temple:   eino_temple_water

Skill      XL: |  1  2  3  4  5  6  7  8  9 |
---------------+----------------------------+-----
Ice Magic      | 5 6 7 |  7.3
Spellcasting   | 4 5 |  5.5
Summonings     | 5 |  5.4
Conjurations   | 1 4 9 12 | 12.0
Dodging        | |  2.4
Stealth        | |  2.4

Action                   |  1- 3 |  4- 6 |  7- 9 || total
-------------------------+-------+-------+-------++-------
Melee: Unarmed           |     8 |       |       ||     8
       Hunting sling     |       |       |     1 ||     1
 Fire: Hunting sling     |    10 |    63 |   207 ||   280
 Cast: Freeze            |    33 |     3 |     5 ||    41
       Frozen Ramparts   |     7 |     9 |    28 ||    44
       Summon Ice Beast  |       |     3 |    20 ||    23
       Hailstorm         |       |       |    11 ||    11
  Use: Scroll            |       |    12 |       ||    12
  Eat: Chunk             |     4 |     7 |    16 ||    27
       Ration            |       |       |     1 ||     1
Armor: Robe              |     4 |       |    16 ||    20
Dodge: Dodged            |    31 |    14 |    59 ||   104
